 Dungeon Crawl Stone Soup version 0.29-a0-1016-g236c7fd91e (webtiles) character file.

Game seed: 14397546985634578981

22 drpainis the Sneak (level 2, -1/13 HPs)
             Began as a Spriggan Enchanter on Aug 9, 2022.
             Slain by a jackal (2 damage)
             ... on level 1 of the Dungeon.
             The game lasted 00:00:58 (859 turns).

drpainis the Sneak (Spriggan Enchanter)              Turns: 859, Time: 00:00:58

Health: -1/13      AC:  2    Str:  4    XL:     2   Next: 68%
Magic:  6/6        EV: 17    Int: 16    God:
Gold:   47         SH:  0    Dex: 15    Spells: 6/6 levels left

rFire   . . .      SeeInvis +   a - +1 dagger
rCold   . . .      Faith    .   (no shield)
rNeg    . . .      Spirit   .   b - +0 robe
rPois   .          Reflect  .   (helmet restricted)
rElec   .          Harm     .   (no cloak)
rCorr   .          Rampage  .   (gloves unavailable)
Will    .....                   (boots unavailable)
Stlth   +++.......              (no amulet)
HPRegen 0.04/turn               (no ring)
MPRegen 0.10/turn               (no ring)

@: very quick
A: very small, no large weapons, unfitting armour, see invisible, speed 3
a: no special abilities


You were on level 1 of the Dungeon.
You visited 1 branch of the dungeon, and saw 1 of its levels.

You collected 47 gold pieces.

Inventory:

Hand Weapons
 a - a +1 dagger (weapon)
Armour
 b - a +0 robe (worn)
Jewellery
 d - a ring of ice
Scrolls
 f - a scroll of fear {unknown}
 h - 3 scrolls of identify {unknown}
Potions
 c - 2 potions of invisibility
 e - a potion of brilliance {unknown}
 g - a potion of attraction {unknown}
 i - a potion of curing {unknown}


   Skills:
 + Level 1.2 Short Blades
 + Level 2.9 Dodging
 + Level 5.2 Stealth
 + Level 2.9 Spellcasting
 + Level 4.0 Hexes


You had 6 spell levels left.
You didn't know any spells.
Your spell library contained the following spells:

 Spells                   Type           Power      Damage    Failure   Level
 Confusing Touch          Hex            15%        N/A       11%         3
 Tukima's Dance           Hex            15%        N/A       11%         3
 Ensorcelled Hibernation  Hex/Ice        16%        N/A       13%         2
 Shock                    Conj/Air       8%         1d3       19%         1
 Dazzling Flash           Conj/Hex       16%        N/A       26%         3
 Poisonous Vapours        Pois/Air       4%         N/A       28%         2
 Conjure Flame            Conj/Fire      2%         6-21      50%         3
 Ignite Poison            Fire/Tmut/Pois 2%         N/A       50%         3
 Sticky Flame             Conj/Fire      2%         2d3       88%         4
 Lightning Bolt           Conj/Air       1%         1d12      99%         5
 Conjure Ball Lightning   Conj/Air       1%         3x3d6     100%        6


Dungeon Overview and Level Annotations

Branches:
Dungeon (1/15)

Altars:


Innate Abilities, Weirdness & Mutations

You are very small and have problems with some larger weapons.
You are too small for most types of armour.
You have supernaturally acute eyesight. (SInv)
You cover ground extremely quickly. (Speed+++)


Message History

2 jackals come into view.
The helpless jackal fails to defend itself.
You puncture the jackal!
You kill the jackal!
The jackal barks! x3; You hear an angry hiss.
You hit the jackal.
The jackal is heavily wounded.
The jackal barely misses you. x2; The jackal bites you.
The jackal misses you.
You hit the jackal.
The jackal is moderately wounded.
A ball python comes into view.
The jackal bites you.
You closely miss the jackal.
The jackal is moderately wounded.
You hit the jackal.
The jackal is severely wounded.
The jackal barely misses you. The jackal bites you.
The jackal closely misses you. The jackal completely misses you.
You barely miss the jackal.
The jackal is severely wounded.
The jackal bites you. The jackal misses you.
You miss the jackal.
The jackal is severely wounded.
The jackal bites you but does no damage.
The jackal misses you.
You hit the jackal.
You kill the jackal!
You closely miss the jackal. The jackal misses you. The jackal bites you. x3
* * * LOW HITPOINT WARNING * * *
You hit the jackal.
The jackal is heavily wounded.
The jackal barely misses you. The jackal bites you.
* * * LOW HITPOINT WARNING * * *
You barely miss the jackal.
The jackal is heavily wounded.
The jackal barely misses you. The jackal closely misses you.
You miss the jackal. You punch the jackal, but do no damage.
The jackal is heavily wounded.
The jackal bites you.
You die...

##....................
.'..###.#.#.#.########
##............########.#
#.......................
#.#.###.##...#########..
#.#.# #.##...#####...
#.#.# #.##...........
....# #.##.#.#####.##
#.#.# #.##.....h@#.#
#.#.# #........#h#.#
#............###S..# #.#
###.##.#.##......# #.#
..................S. #
.##............... #
#.####.#.##.#### #.
#.... .. ....# ##


You could see 2 jackals and a ball python.

Vanquished Creatures
  3 ball pythons (D:1)
  An endoplasm (D:1)
  2 goblins (D:1)
  2 hobgoblins (D:1)
  2 jackals (D:1)
  2 kobolds (D:1)
  2 quokkas (D:1)
  3 bats (D:1)
  A frilled lizard (D:1)
  A rat (D:1)
19 creatures vanquished.

Notes
Turn   | Place    | Note
-------+----------+-------------------------------------------
     0 | D:1      | drpainis the Spriggan Enchanter began the quest for the
                  | Orb.
     0 | D:1      | Reached XP level 1. HP: 9/9 MP: 5/5
   158 | D:1      | Got the Catalogue of Weather
   371 | D:1      | Reached skill level 5 in Stealth
   371 | D:1      | Reached XP level 2. HP: 13/13 MP: 6/6
   859 | D:1      | Slain by a jackal

Illustrated notes

Levels and vault maps discovered:
D:1:      amcnicky_arrival_choice, layout_basic

Skill      XL: |  1  2 |
---------------+-------+-----
Stealth        | 5 |  5.2
Hexes          | 4 |  4.0
Short Blades   | |  1.2
Dodging        | |  2.9
Spellcasting   | |  2.9

Action                   || total
-------------------------++-------
Melee: Dagger            ||    48
       Punch             ||     1
 Stab: Sleeping          ||     6
       Distracted        ||     1
Armor: Robe              ||     5
Dodge: Dodged            ||    40

Table legend: (Time is in decaauts)
 A = Elapsed time spent in this place.
 B = Non-inter-level travel time spent in this place.
 C = Inter-level travel time spent in this place.
 D = Time resting spent in this place.
 E = Time spent auto-exploring this place.
 F = Levels seen in this place.
 G = Mean time per level.
                   A        B        C        D        E       F      G
               +--------+--------+--------+--------+--------+-----+--------+
         Total |    718 |    718 |      0 |    449 |    150 |   1 |  718.0 |
       Dungeon |    718 |    718 |      0 |    449 |    150 |   1 |  718.0 |
               +--------+--------+--------+--------+--------+-----+--------+

Top non-repeatable levels by time:
     D:1: 718 daAuts
